 Dungeon Crawl Stone Soup version 0.18-a0-1539-g1c7284a (webtiles) character file.

185 GrosslyIncandescent the Insei (level 5, -9/41 HPs)
             Began as a Mummy Monk on Mar 9, 2016.
             Mangled by an iguana (12 damage)
             ... on level 4 of the Dungeon.
             The game lasted 00:04:31 (4694 turns).

GrosslyIncandescent the Insei (Mummy Monk)          Turns: 4694, Time: 00:04:31

Health: -9/41      AC:  0    Str: 15    XL:     5   Next: 37%
Magic:  5/5        EV: 13    Int:  9    God:
Gold:   152        SH:  0    Dex: 15    Spells: 0 memorised, 4 levels left

rFire  x . .     SeeInvis .       - Unarmed
rCold  + . .     Gourm    .     (no armour)
rNeg   + + +     Faith    .     (no shield)
rPois  ∞         Spirit   .     (no helmet)
rElec  .         Dismiss  .     (no cloak)
rCorr  .         Reflect  .     (no gloves)
SustAt .         Harm     .     (no boots)
MR     .....                    (no amulet)
Stlth  ++........               (no ring)
                                (no ring)

@: not resistant to hostile enchantments, unstealthy
A: no food or potions, fire vulnerability, cold resistance 1, negative energy
resistance 3, torment resistance, unbreathing
a: no special abilities


You were on level 4 of the Dungeon.
You were not hungry.

You visited 1 branch of the dungeon, and saw 5 of its levels.

You collected 152 gold pieces.


Innate Abilities, Weirdness & Mutations

You do not eat or drink.
Your flesh is vulnerable to fire.
You are immune to poison.
Your flesh is cold resistant.
You are immune to negative energy.
You are immune to unholy pain and torment.
You can survive without breathing.


   Skills:
 + Level 3.6 Fighting
 - Level 2.4 Dodging
 - Level 1.5 Stealth
 - Level 5.3 Unarmed Combat


You had 4 spell levels left.
You didn't know any spells.

Inventory:

Armour
 h - a +0 buckler
Jewellery
 i - an uncursed ring of positive energy {unknown}
Scrolls
 a - a scroll of recharging {unknown}
 b - 4 scrolls of amnesia {unknown}
 c - 2 scrolls of remove curse {unknown}
 d - 5 scrolls of identify {unknown}
 e - 4 scrolls of teleportation {unknown}
 f - 2 scrolls of blinking {unknown}
 g - a scroll of fear {unknown}

Dungeon Overview and Level Annotations

Branches:
Dungeon (5/15)             Temple (0/1) D:4

Altars:

▒▒.▒.▒ ▒▒▒.▒.▒ .▒
......▒ .▒ ▒▒▒...▒
.▒ ▒...▒ ▒.▒ ▒...▒
..▒ ▒...▒ ..▒
▒..>▒▒▒▒▒▒▒▒▒▒▒..▒
▒.▒..........lM..▒
▒ ▒.▒▒▒▒▒▒▒▒▒▒▒▒.▒
.... ▒ ▒.▒.▒ ▒.▒.▒
▒ ▒.▒ ..▒ ▒▒


You could see an iguana.


Message History

Found 9 gold pieces!
Found a stone staircase leading up!
You see here a buckler!
h - a buckler The iguana barely misses you!
The giant frog zombie hits you! * * * don't die
* * * The phantom blinks!!!
The iguana barely misses you!
The giant frog zombie barely misses you!
Found a stone staircase leading up!
A hound comes into view!
The phantom barely misses you! The phantom closely misses you!
Found a stone staircase leading up!
A worker ant comes into view!
The phantom blinks!!!
Found a stone staircase leading down!
There is a stone staircase leading up here!
The worker ant twitches its antennae in your direction!
The iguana bites you!!! * * * don't die
* * * The phantom blinks!!!
You climb upwards!
There is a stone staircase leading down here!
The iguana barely misses you!
Found a small diamond ring!
You see here a small diamond ring!
i - a small diamond ring The iguana bites you!!! rip

Action                   |  1- 3 |  4- 6 || total
-------------------------+-------+-------++-------
Melee: Unarmed           |   129 |   107 ||   236
 Stab: Sleeping          |     1 |     3 ||     4
       Distracted        |     1 |       ||     1

Vault maps used:
D:1:      ncdulo_watergridlock
D:2:      ecumenical_altar_1
D:3:      first_bread, minmay_shallow_snake_nest
D:4:      kennysheep_mini_moat, minmay_temple_entry_enclosed_plants,
          dk_noncrumbling_4

Notes
Turn   | Place    | Note
--------------------------------------------------------------
     0 | D:1      | GrosslyIncandescent the Mummy Monk began the quest for the Orb.
     0 | D:1      | Reached XP level 1. HP: 18/18 MP: 1/1
   283 | D:1      | Reached XP level 2. HP: 21/24 MP: 2/2
   952 | D:1      | HP: 1/24 [worm (8)]
  1299 | D:2      | Reached skill level 4 in Unarmed Combat
  1324 | D:2      | HP: 2/24 [adder (2)]
  1325 | D:2      | Reached XP level 3. HP: 2/29 MP: 3/3
  2049 | D:2      | Reached XP level 4. HP: 20/35 MP: 4/4
  2193 | D:2      | Found a faded altar to an unknown god.
  2810 | D:3      | HP: 1/35 [orc wizard/magic dart (10)]
  3129 | D:2      | Reached skill level 5 in Unarmed Combat
  4092 | D:4      | Reached XP level 5. HP: 21/41 MP: 5/5
  4254 | D:4      | Found a staircase to the Ecumenical Temple.
  4485 | D:4      | You fall through a shaft!
  4485 | D:5      | Entered Level 5 of the Dungeon
  4672 | D:5      | Noticed a phantom
  4681 | D:5      | HP: 1/41 [iguana (10)]
  4694 | D:4      | Mangled by an iguana

Vanquished Creatures
  A howler monkey (D:5)
  9 adders
  3 worms
  3 giant geckos
  2 orcs
  6 ball pythons
  2 giant cockroaches
  3 goblins (D:1)
  7 hobgoblins
  2 jackals
  3 kobolds
  5 bats
  4 giant newts
  8 rats
58 creatures vanquished.
